 Dungeon Crawl Stone Soup version 0.32-a0-607-g64ea0e4219 (webtiles) character file.

Game seed: 15301872774824918182

196 Ruich the Ruffian (level 5, -2/39 HPs)
             Began as a Demigod Shapeshifter on Mar 4, 2024.
             Slain by a cerulean imp
             ... wielding a +0 spear
             ... summoned by Natasha
              (5 damage)
             ... on level 3 of the Dungeon.
             The game lasted 00:07:22 (2972 turns).

Ruich the Ruffian (Demigod Shapeshifter)            Turns: 2972, Time: 00:07:23

Health: -2/39      AC:  4    Str: 19    XL:     5   Next: 21%
Magic:  8/8        EV: 12    Int: 17    God:
Gold:   123        SH:  0    Dex: 13    Spells: 2/5 levels left

rFire   . .          .
                       - Unarmed
rCold   . . .        (no shield)
rNeg    + . .        x - +2 animal skin
rPois   +            (helmet currently unavailable)
rElec   .            (cloak currently unavailable)
rCorr   .            (gloves currently unavailable)
SInv    .            (boots currently unavailable)
Will    .....        (no amulet)
Stlth   +            g - ring of flight
HPRegen 0.26/turn    y - ring "Semmiz" {rPois rN+ Int+5 Slay-5}
MPRegen 0.11/turn

%: no passive effects
@: beast-form, flying
A: beast (slay +2), high MP 1, forlorn, divine attributes
a: Begin Untransformation


You were on level 3 of the Dungeon.
You were a hulking beast.
You visited 1 branch of the dungeon, and saw 3 of its levels.

You collected 123 gold pieces.


Innate Abilities, Weirdness & Mutations

You are a hulking beast.
Your limbs bulge with bestial killing power. (Slay +2)
You have an increased reservoir of magic. (+10% MP)
You shall have no god before yourself.
Your divine heritage dramatically boosts your attributes as you level up.


   Skills:
 - Level 0.8 Fighting
 - Level 1.8 Dodging
 - Level 3.9 Unarmed Combat
 - Level 0.7 Spellcasting
 * Level 2.2 Ice Magic
 - Level 3.7 Shapeshifting


You had 2 spell levels left.
You knew the following spells:

 Your Spells              Type           Power      Damage    Failure   Level
o - Ozocubu's Armour      Ice            8%         N/A       26%         3

Your spell library contained the following spells:

 Spells                   Type           Power      Damage    Failure   Level
 Metabolic Englaciation   Hex/Ice        2%         N/A       98%         5
 Sculpt Simulacrum        Ice/Alch       2%         N/A       100%        6

Inventory:

Armour
 w - a +1 helmet of see invisible
 x - a +2 animal skin (worn)
Magical Staves
 h - a staff of fire {!a}
 i - a staff of death {!a}
Jewellery
 g - a ring of flight (left hand)
 y - the ring "Semmiz" (right hand) {rPois rN+ Int+5 Slay-5}
   (You found it on level 3 of the Dungeon)

   [ring of poison resistance]

   Int+5:     It affects your intelligence (+5).
   Slay-5:    It affects your accuracy & damage with ranged weapons and melee
   (-5).
   rPois:     It protects you from poison.
   rN+:       It protects you from negative energy.
Talismans
 c - a beast talisman (active)
 d - a flux talisman
Wands
 a - a wand of mindburst (13)
 v - a wand of polymorph (10)
Scrolls
 e - a scroll of torment {unknown}
 m - a scroll of butterflies {unknown}
 o - 3 scrolls of teleportation {unknown}
 p - a scroll of amnesia {unknown}
 q - 2 scrolls of identify {unknown}
 u - a scroll of fear {unknown}
Potions
 b - a potion of lignification
 f - a potion of mutation {unknown}
 j - a potion of magic
 k - a potion of heal wounds {unknown}
 l - a potion of curing {unknown}
 n - a potion of resistance {unknown}
 r - a potion of ambrosia {unknown}
 s - a potion of degeneration {unknown}
 t - a potion of might {unknown}

Dungeon Overview and Level Annotations

Branches:
Dungeon (3/15)

Annotations:
D:3 Jessica, Natasha

### ..# #.# .5#
# #5#.# # #h#.#
#.#h..# #.#5#.#
#...#.# ###$#.#
#### #.#.## ...
#....#
.####.#####..#
.............#
######.#..[.#.#


You could see Natasha and 3 cerulean imps.


Message History

Natasha is moderately wounded.
The cerulean imp barely misses you. Natasha misses you.
You hit Natasha.
Natasha is heavily wounded.
The cerulean imp barely misses you. Natasha claws you.
You hit Natasha but do no damage.
Natasha is heavily wounded.
You barely miss Natasha.
Natasha is heavily wounded.
Natasha claws you!
* * * LOW HITPOINT WARNING * * *
You hit Natasha.
Natasha is severely wounded.
Natasha claws you.
* * * LOW HITPOINT WARNING * * *
x2 Unknown command.
You miss Natasha.
Natasha is severely wounded.
Natasha claws you but does no damage.
* * * LOW HITPOINT WARNING * * *
Unknown command.
You hit Natasha but do no damage.
Natasha is severely wounded.
Natasha casts a spell.
* * * LOW HITPOINT WARNING * * *
Unknown command.
It was a potion of magic.
Magic courses through your body.
Natasha casts a spell.
The cerulean imp barely misses you.
You die...

Skill      XL: |  1  2  3  4  5 |
---------------+----------------+-----
Unarmed Combat | 3 |  3.9
Shapeshifting  | 3 |  3.7
Ice Magic      | 1 2 |  2.2
Fighting       | |  0.8
Dodging        | |  1.8
Spellcasting   | |  0.7

Action                     |  1- 3 |  4- 6 || total
---------------------------+-------+-------++-------
  Melee: Unarmed           |   125 |    90 ||   215
         Punch             |     2 |     2 ||     4
    Use: Potion            |       |     1 ||     1
 Armour: Plate armour      |   122 |    35 ||   157
         Skin              |       |     8 ||     8
         Animal skin       |       |    25 ||    25
  Dodge: Dodged            |    31 |    31 ||    62

Levels and vault maps discovered:
D:1:      lemuel_arrival_rhombus, layout_basic
D:2:      layout_loops_ring, shapermc_ecumenical_altar_hornbeckon,
          minmay_pentomino_p4
D:3:      layout_basic, uniq_ijyb, uniq_natasha, uniq_jessica, uniq_robin

Notes
Turn   | Place    | Note
-------+----------+-------------------------------------------
     0 | D:1      | Ruich the Demigod Shapeshifter began the quest for the Orb.
     0 | D:1      | Reached XP level 1. HP: 15/15 MP: 3/3
   220 | D:1      | Reached skill level 3 in Unarmed Combat
   433 | D:1      | Reached XP level 2. HP: 17/22 MP: 4/4
   639 | D:1      | Reached skill level 3 in Shapeshifting
  1239 | D:2      | Reached XP level 3. HP: 20/27 MP: 5/5
  2155 | D:3      | Learned a level 3 spell: Ozocubu's Armour
  2199 | D:3      | Noticed Ijyb
  2234 | D:3      | Reached XP level 4. HP: 34/34 MP: 7/7
  2252 | D:3      | Killed Ijyb
  2255 | D:3      | Reached skill level 1 in Ice Magic
  2418 | D:3      | Noticed Robin
  2459 | D:3      | Killed Robin
  2460 | D:3      | Reached XP level 5. HP: 11/39 MP: 8/8
  2604 | D:3      | Noticed Jessica
  2719 | D:3      | Identified the ring "Semmiz" {rPois rN+ Int+5 Slay-5}
  2751 | D:3      | Noticed Natasha
  2761 | D:3      | Killed Natasha
  2762 | D:3      | Reached skill level 2 in Ice Magic
  2960 | D:3      | Noticed Natasha
  2971 | D:3      | HP: 2/39 [cerulean imp/+1 spear[Natasha] (3)]
  2972 | D:3      | Slain by a cerulean imp

Vanquished Creatures
  An orc priest (D:3)
  Ijyb (D:3)
  An iguana (D:3)
  Natasha (D:3)
  Robin (D:3)
  An adder (D:2)
  A ribbon worm (D:2)
  3 orcs (D:3)
  3 ball pythons
  4 endoplasms
  10 goblins
  8 hobgoblins
  7 jackals
  4 quokkas
  5 bats
  2 frilled lizards
  2 kobolds (D:1)
  5 rats
60 creatures vanquished.

Table legend: (Time is in decaauts)
 A = Elapsed time spent in this place.
 B = Non-inter-level travel time spent in this place.
 C = Inter-level travel time spent in this place.
 D = Time resting spent in this place.
 E = Time spent auto-exploring this place.
 F = Levels seen in this place.
 G = Mean time per level.
                   A        B        C        D        E       F      G
               +--------+--------+--------+--------+--------+-----+--------+
         Total |   2955 |   2817 |    138 |    667 |   1517 |   3 |  985.0 |
       Dungeon |   2955 |   2817 |    138 |    667 |   1517 |   3 |  985.0 |
               +--------+--------+--------+--------+--------+-----+--------+

Top non-repeatable levels by time:
     D:3: 1055 daAuts
     D:2: 957 daAuts
     D:1: 942 daAuts

Table legend:
 A = Non-vault XP
 B = Vault XP
 C = Vault XP percentage of total XP
 D = Non-vault monster count
 E = Vault monster count
 F = Vault count percentage of total count
                 A         B        C        D         E       F
            +---------+---------+-------+---------+---------+-------
      Total |     164 |     116 |  41.4 |      42 |      18 |  30.0
            +---------+---------+-------+---------+---------+-------
        D:1 |      19 |       0 |   0.0 |      12 |       0 |   0.0
        D:2 |      42 |       5 |  10.6 |      16 |       3 |  15.8
        D:3 |     103 |     111 |  51.9 |      14 |      15 |  51.7
            +---------+---------+-------+---------+---------+-------
